 Dungeon Crawl Stone Soup version 0.28-a0-1447-ga5a8893891 (webtiles) character file.

Game seed: 5454541593642956394

52 kae the Changer (level 3, 0/28 HPs)
             Began as a Draconian Transmuter on Jan 10, 2022.
             Slain by a goblin (2 damage)
             ... led by Robin
             ... on level 2 of the Dungeon.
             The game lasted 00:01:12 (1752 turns).

kae the Changer (Draconian Transmuter)              Turns: 1752, Time: 00:01:12

Health: 0/28       AC:  2    Str: 12    XL:     3   Next: 60%
Magic:  3/6        EV: 19    Int: 15    God:
Gold:   41         SH:  0    Dex: 22    Spells: 3/7 levels left

rFire   . . .      SeeInvis .     - Unarmed
rCold   . . .      Faith    .   (shield currently unavailable)
rNeg    . . .      Spirit   .   (armour unavailable)
rPois   x          Reflect  .   (helmet currently unavailable)
rElec   .          Harm     .   (cloak currently unavailable)
rCorr   .          Rampage  .   (gloves currently unavailable)
Will    .....                   (boots currently unavailable)
Stlth   ++........              (no amulet)
HPRegen 0.09/turn               b - +6 ring of dexterity
MPRegen 0.10/turn               (no ring)

@: spider-form (expiring)
A: venomous fangs, AC +5, tiny, unfitting armour, (cold-blooded)
a: End Transformation


You were on level 2 of the Dungeon.
You were a venomous arachnid creature.
You visited 1 branch of the dungeon, and saw 2 of its levels.

You collected 41 gold pieces.

Inventory:

Jewellery
 b - a +6 ring of dexterity (left front leg)
Potions
 a - a potion of curing {unknown}


   Skills:
 - Level 1.1 Fighting
 - Level 1.7 Dodging
 - Level 3.0 Unarmed Combat
 + Level 2.6 Spellcasting
 * Level 3.3 Transmutations
 * Level 0.8 Poison Magic


You had 3 spell levels left.
You knew the following spells:

 Your Spells              Type           Power      Damage    Failure   Level
a - Beastly Appendage     Tmut           24%        N/A       16%         1
b - Spider Form           Tmut/Pois      8%         N/A       47%         3

Your spell library contained the following spells:

 Spells                   Type           Power      Damage    Failure   Level
 Wereblood                Tmut           12%        N/A       21%         2
 Ice Form                 Ice/Tmut       6%         N/A       87%         4


Dungeon Overview and Level Annotations

Branches:
Dungeon (2/15)

Altars:

Annotations:
D:2 Robin


Innate Abilities, Weirdness & Mutations

You are a venomous arachnid creature.
You have poisonous fangs.
You are tiny and dextrous.
Your spellcasting is less reliable in this form.
Your armour is entirely melded.
You are incapable of wielding weapons or throwing items.
((Your plain brown scales are hard. (AC +5)))
You cannot fit into any form of body armour.
((You are cold-blooded and may be slowed by cold attacks.))


Message History

You hit the plant. You tail-slap the plant.
The plant is moderately damaged.
A nearby plant withers and dies.
The goblin hits you with a +0 dagger. The goblin completely misses you.
The goblin hits the fungus with a +0 dagger.
The fungus begins to die.
The goblin no longer looks unusually strong.
The goblin hits the fungus with a +0 dagger.
The goblin no longer looks unusually strong.
The goblin unwields a +0 hunting sling.
The goblin wields a +0 dagger.
The goblin hits something with a +0 dagger.
The goblin no longer looks unusually strong. x2
Casting: Beastly Appendage (safe; 5% risk of failure)
Confirm with . or Enter, or press ? or * to list all spells.
The spell is quite dangerous to miscast (26% risk of failure)!
Continue anyway? [Y]es or [N]o only, please.
The spell is quite dangerous to miscast (26% risk of failure)!
Continue anyway?
You turn into a venomous arachnid creature.
The goblin hits you with a +0 dagger.
* * * LOW HITPOINT WARNING * * *
You barely miss the goblin. The goblin hits you with a +0 club.
* * * LOW HITPOINT WARNING * * *
The goblin closely misses you.
You hit the goblin.
The goblin is moderately wounded.
The goblin closely misses you. The goblin misses you.
You barely miss the goblin.
The goblin is moderately wounded.
Your transformation is almost over.
The goblin barely misses you. The goblin misses you.
You barely miss the goblin.
The goblin is moderately wounded.
The goblin barely misses you. The goblin misses you.
You barely miss the goblin.
The goblin is moderately wounded.
The goblin hits you with a +0 club.
* * * LOW HITPOINT WARNING * * *
The goblin hits you with a +0 dagger.
You die...

#.gg....# #.# #######g##.##
##.##### ..)..†g.....#
#......#
#...g.....#..#########......#
###g###.###.................#
#..g...P..#....#######......#
#.#g#P#.#P#....# #...<..#
#......P..#....#######..÷...#
###.###.###...ggs...........#
#...._....#....##g..........#
###g###g###....##....÷........
#...g.....#....##......#####..
#P#P#.#g#.#....##......# ...
#..P.ggP..#..####......# ....
###P###g###.## #......#
#....)..g.#.# #......#
............# #......###


You could see 3 goblins.

Vanquished Creatures
  A gnoll (D:1)
  3 dart slugs
  3 bats
  3 endoplasms
  A giant cockroach (D:2)
  5 goblins
  3 hobgoblins
  3 quokkas (D:1)
  6 ball pythons
  5 kobolds
  2 rats
35 creatures vanquished.

Vanquished Creatures (others)
  5 fungi (D:2)
  5 plants (D:2)
10 creatures vanquished.

Grand Total: 45 creatures vanquished

Notes
Turn   | Place    | Note
-------+----------+-------------------------------------------
     0 | D:1      | kae the Draconian Transmuter began the quest for the Orb.
     0 | D:1      | Reached XP level 1. HP: 16/16 MP: 3/3
   305 | D:1      | Reached XP level 2. HP: 23/23 MP: 3/5
   483 | D:1      | HP: 1/23 [gnoll (6)]
  1116 | D:1      | Reached XP level 3. HP: 28/28 MP: 4/6
  1120 | D:1      | Learned a level 3 spell: Spider Form
  1709 | D:2      | Noticed Robin
  1720 | D:2      | Found a faded altar of an unknown god.
  1752 | D:2      | Slain by a goblin

Illustrated notes

Levels and vault maps discovered:
D:1:      mrwooster_arrival_statue_3, layout_basic
D:2:      layout_basic, basic_altar, shapermc_ecumenical_altar_mp_urbaneastern,
          uniq_robin

Skill      XL: |  1  2 |
---------------+-------+-----
Transmutations | 3 |  3.3
Fighting       | |  1.1
Dodging        | |  1.7
Unarmed Combat | |  3.0
Spellcasting   | |  2.6
Poison Magic   | |  0.8

Action                   || total
-------------------------++-------
Melee: Unarmed           ||   100
       Kick              ||    19
       Headbutt          ||    11
       Punch             ||     3
       Tailslap          ||    11
 Cast: Beastly Appendage ||    22
       Spider Form       ||     1
  Use: Scroll            ||     1
Armor: Skin              ||    30
Dodge: Dodged            ||    79

Table legend: (Time is in decaauts)
 A = Elapsed time spent in this place.
 B = Non-inter-level travel time spent in this place.
 C = Inter-level travel time spent in this place.
 D = Time resting spent in this place.
 E = Time spent auto-exploring this place.
 F = Levels seen in this place.
 G = Mean time per level.
                   A        B        C        D        E       F      G
               +--------+--------+--------+--------+--------+-----+--------+
         Total |   1745 |   1713 |     32 |      0 |   1444 |   2 |  872.5 |
       Dungeon |   1745 |   1713 |     32 |      0 |   1444 |   2 |  872.5 |
               +--------+--------+--------+--------+--------+-----+--------+

Top non-repeatable levels by time:
     D:1: 1475 daAuts
     D:2: 270 daAuts
